cohdb
Replays
Latest Replays
All Replays
Popular Replays
Top Player Replays
Match Explorer
How It Works
Community
CoH3 Stats
Reddit
Sign in to upload your games and track your stats! →
Sign in with Steam
Match 32705463
Unlisted
Match 32705463
Overview
Messages
Build Orders
End
Vickers Machine Gun Team
Construct Section Command Post
Selects Indian Artillery Battlegroup
Infantry Section
Infantry Section
Selects Towed ML 4.2-inch Heavy Mortar
Towed ML 4.2-inch Heavy Mortar
Construct Platoon Command Post
Humber Armored Car
6-pounder Anti-tank Gun Team
Royal Engineer Section
Grenade Package
Royal Engineer Section
Burnt_Steak
Bubbciss
HuWooD
Izaak1993
0
0
Comments
sign in to comment!
No comments posted yet!